 Dungeon Crawl Stone Soup version 0.19.4-8-ga85b6b9 (webtiles) character file.

37 Chiseanne the Conjurer (level 3, 23/24 HPs)
             Began as a Demonspawn Wizard on Feb 11, 2017.
             Quit the game on level 2 of the Dungeon.
             The game lasted 00:02:31 (1419 turns).

Chiseanne the Conjurer (Demonspawn Wizard)          Turns: 1419, Time: 00:02:32

Health: 23/24      AC:  5    Str:  7    XL:     3   Next: 21%
Magic:  1/7        EV: 12    Int: 20    God:
Gold:   71         SH:  0    Dex: 11    Spells: 1 memorised, 7 levels left

rFire  . . .     SeeInvis .     a - +1 short sword
rCold  . . .     Gourm    +     f - +0 robe
rNeg   . . .     Faith    .     (no shield)
rPois  .         Spirit   .     b - +0 hat
rElec  .         Reflect  .     (no cloak)
rCorr  .         Harm     .     i - +0 pair of gloves
MR     .....                    (no boots)
Stlth  ++........               m - amulet of the gourmand
                                (no ring)
                                (no ring)

@: no status effects
A: horns 1, molten scales 1
a: no special abilities


You were on level 2 of the Dungeon.
You were not hungry.

You visited 1 branch of the dungeon, and saw 2 of its levels.

You collected 71 gold pieces.

Inventory:

Hand Weapons
 a - a +1 short sword (weapon)
Missiles
 e - 26 stones (quivered)
Armour
 b - a +0 hat (worn)
 f - a +0 robe (worn)
 i - a +0 pair of gloves (worn)
 n - a +4 ring mail
Jewellery
 m - an amulet of the gourmand (around neck)
Scrolls
 h - 2 scrolls of enchant weapon
Potions
 g - a potion of degeneration {unknown}
 k - a potion of haste {unknown}
Books
 c - a book of Minor Magic

   Spells                             Type                      Level
   a - Magic Dart                     Conjuration                  1
   b - Blink                          Translocation                2
   c - Call Imp                       Summoning                    2
   d - Repel Missiles                 Charms/Air                   2
   e - Slow                           Hexes                        2
   f - Conjure Flame                  Conjuration/Fire             3
   g - Mephitic Cloud                 Conjuration/Poison/Air       3
Comestibles
 d - 3 bread rations
 j - a royal jelly


   Skills:
 - Level 1.7 Dodging
 - Level 1.7 Stealth
 - Level 3.0 Spellcasting
 * Level 3.2 Conjurations
   Level 1.0 Summonings
   Level 0.8 Translocations


You had 7 spell levels left.
You knew the following spells:

 Your Spells              Type           Power        Failure   Level  Hunger
a - Magic Dart            Conj           ###.         4%          1    None


Dungeon Overview and Level Annotations

Branches:
Dungeon (2/15)

Altars:


Innate Abilities, Weirdness & Mutations

You have a pair of small horns on your head.
You are partially covered in molten scales. (AC +2)


Message History

Confirm with . or Enter, or press ? or * to list all spells.
Aiming: Magic Dart
Press: ? - help, Shift-Dir - straight line, f/p - adder
Aim: an adder (heavily wounded)
The magic dart hits the adder.
The adder is almost dead.
The adder bites you but does no damage.
Casting: Magic Dart
Confirm with . or Enter, or press ? or * to list all spells.
Aiming: Magic Dart
Press: ? - help, Shift-Dir - straight line, f/p - adder
Aim: an adder (almost dead)
The magic dart hits the adder.
You kill the adder!
You have reached level 3!
Your experience leads to an increase in your attributes!
Increase (S)trength, (I)ntelligence, or (D)exterity?
You feel clever.
Your demonic ancestry asserts itself...
A pair of horns grows on your head!
Are you sure you want to abandon this character and quit the game? (Confirm with "yes".)

##..................
..#.#.............
#.#................
#....##...........
.##..............
####.#.........
#)##.......[ .
#.†#######.... ##@##
... #..# ##gK..
##.## #g.....
...##..##.......
>...........#
....###.....# ...
....#..#..# .
......#...###
...#.....###


There were no monsters in sight!

Vanquished Creatures
  An adder (D:2)
  A dart slug (D:1)
  A leopard gecko (D:2)
  A giant cockroach (D:1)
  6 goblins
  2 hobgoblins
  6 kobolds
  A ball python (D:2)
  3 bats
  2 frilled lizards (D:1)
  2 rats (D:1)
26 creatures vanquished.

Notes
Turn   | Place    | Note
-------+----------+-------------------------------------------
     0 | D:1      | Chiseanne the Demonspawn Wizard began the quest for the Orb.
     0 | D:1      | Reached XP level 1. HP: 13/13 MP: 4/4
   397 | D:1      | Gained mutation: You are partially covered in molten scales. (AC +2) [demonic ancestry]
   397 | D:1      | Reached XP level 2. HP: 19/19 MP: 0/6
  1418 | D:2      | Gained mutation: You have a pair of small horns on your head. [demonic ancestry]
  1418 | D:2      | Reached XP level 3. HP: 23/24 MP: 1/7
  1419 | D:2      | Quit the game

Skill      XL: |  1  2 |
---------------+-------+-----
Conjurations   | 2 3 |  3.2
Dodging        | |  1.7
Stealth        | |  1.7
Spellcasting   | |  3.0
Summonings     | |  1.0
Translocations | |  0.8

Action                   || total
-------------------------++-------
Melee: Short sword       ||    28
 Cast: Magic Dart        ||    53
  Use: Scroll            ||     3
  Eat: Chunk             ||     7
Armor: Robe              ||    13
Dodge: Dodged            ||    17
